 Dungeon Crawl Stone Soup version 0.18.1-2-ga659475 (webtiles) character file.

3888 HungrySpirit the Spear-Bearer (level 10, -6/74 HPs)
             Began as a Formicid Ice Elementalist on May 8, 2016.
             Was a Believer of Okawaru.
             Mangled by a troll (11 damage)
             ... on level 15 of the Dungeon.
             The game lasted 00:24:55 (13247 turns).

HungrySpirit the Spear-Bearer (FoIE)               Turns: 13247, Time: 00:24:55

Health: -6/74      AC:  9    Str: 15    XL:     10   Next: 42%
Magic:  22/22      EV: 11    Int: 16    God:    Okawaru [**....]
Gold:   314        SH:  0    Dex: 11    Spells: 1 memorised, 12 levels left

rFire  . . .     SeeInvis +     j - +2 dagger (venom)
rCold  + . .     Gourm    .     e - +3 ring mail {rC+}
rNeg   . . .     Faith    .     (no shield)
rPois  .         Spirit   .     (helmet unavailable)
rElec  .         Dismiss  .     (no cloak)
rCorr  .         Reflect  .     p - +0 pair of gloves
SustAt .         Harm     .     (no boots)
MR     ++...                    (no amulet)
Stlth  +.........               r - ring of magical power
                                x - ring of protection from magic

@: very resistant to hostile enchantments, very unstealthy
A: permanent stasis, dig shafts and tunnels, four strong arms, antennae 3
a: Dig, Shaft Self, Heroism, Renounce Religion


You were on level 15 of the Dungeon.
You worshipped Okawaru.
Okawaru was pleased with you.
You were very hungry.

You visited 2 branches of the dungeon, and saw 13 of its levels.

You collected 378 gold pieces.
You spent 64 gold pieces at shops.

Inventory:

Hand Weapons
 j - a +2 dagger of venom (weapon)
Missiles
 v - 6 javelins (quivered)
Armour
 e - a +3 ring mail of cold resistance (worn)
 m - a +0 plate armour
 p - a +0 pair of gloves (worn)
Magical Staves
 E - an uncursed staff of cold
Jewellery
 n - an uncursed ring of ice
 r - a ring of magical power (right hand)
 x - a ring of protection from magic (left hand)
 y - an uncursed ring of fire
Wands
 f - a wand of acid (0/15)
Scrolls
 a - 5 scrolls of identify
 d - a scroll of magic mapping
 h - a scroll of fear
 k - 3 scrolls of blinking
 l - a scroll of remove curse
 s - a scroll of teleportation {unknown}
 w - a scroll of enchant weapon
Potions
 i - 2 potions of flight
 o - 2 potions of ambrosia
 q - a potion of heal wounds
 t - a potion of resistance
 u - a potion of agility
 z - a potion of brilliance
 A - a potion of degeneration {unknown}
 C - 3 potions of lignification
Books
 b - a book of Frost

   Spells                             Type                      Level
   a - Freeze                         Ice                          1
   b - Throw Frost                    Conjuration/Ice              2
   c - Ozocubu's Armour               Charms/Ice                   3
   d - Throw Icicle                   Conjuration/Ice              4
   e - Summon Ice Beast               Ice/Summoning                4
Comestibles
 c - 8 bread rations
 g - a beef jerky


   Skills:
 + Level 5.5 Fighting
 + Level 5.6 Short Blades
   Level 8.4(9.6) Polearms
 - Level 7.2(9.0) Staves
 - Level 1.7 Dodging
 - Level 2.4 Stealth
 - Level 2.1 Spellcasting
   Level 0.8 Conjurations
 - Level 3.1 Ice Magic
 - Level 4.6 Evocations


You had 12 spell levels left.
You knew the following spells:

 Your Spells              Type           Power        Failure   Level  Hunger
a - Freeze                Ice            ##..         12%         1    #......


Dungeon Overview and Level Annotations

Branches:
Dungeon (9/15)             Temple (1/1) D:5
   Lair: D:8-11         Orc: D:9-12

Altars:
Ashenzari
Cheibriados
Dithmenos
Elyvilon
Fedhas
Gozag
Kikubaaqudgha
Makhleb
Nemelex Xobeh
Okawaru
Pakellas
Ru
Trog
Vehumet
Xom
Yredelemnul
Zin
The Shining One

Shops:
D:4 *

Annotations:
D:9 lightmor's ghost, novice DEFE


Innate Abilities, Weirdness & Mutations

You are under a permanent stasis effect.
You can dig through walls and to a lower floor.
Your four strong arms can wield two-handed weapons with a shield.
You have a pair of large antennae on your head (SInv).


Message History

You see here a tomahawk of returning.
The orc throws a tomahawk of returning.
The tomahawk of returning misses you.
The weapon returns to the orc!
The troll bites you!
* * * LOW HITPOINT WARNING * * *
The troll misses you. The troll claws you but does no damage.
Unknown command.
You can't shaft yourself on this level.
Unknown command.
You feel a little less agile now.
You extend your mandibles.
You dig through the rock wall.
You are feeling very hungry.
You dig through the rock wall.
You swing at nothing.
You closely miss the troll.
The troll is heavily wounded.
You barely miss the troll.
The troll is heavily wounded.
The troll bites you!
You die...

#..≈≈≈≈≈.
#........
#........
#..o.$...
#......$.
#####{o......
#..C.........
###{.{...######
#@#{T....#
##T####### ###


You could see a troll.

Vanquished Creatures
  Grinder (D:4)
  A spriggan (D:8)
  2 yaks
  The ghost of puimuR the Ruffian, an amateur TrWr of Makhleb (D:6)
  Edmund (D:5)
  Duvessa (D:4)
  A water moccasin (D:7)
  An orc warrior (D:7)
  2 ice beasts
  A phantom (D:6)
  6 ogres
  A centaur (D:6)
  5 giant frogs
  Blork the orc (D:4)
  Dowan (D:4)
  2 jellies
  A water moccasin skeleton (D:7)
  2 howler monkeys
  4 wights
  2 crimson imps (D:7)
  3 orc priests
  A giant frog zombie (D:5)
  3 hounds
  A gnoll shaman (D:8)
  Jessica (D:2)
  An iguana (D:7)
  4 orc wizards
  8 worker ants
  A hound zombie (D:5)
  A worker ant zombie (D:6)
  10 gnolls
  6 adders
  A shadow imp (D:5)
  An adder skeleton (D:8)
  4 worms
  A dart slug (D:2)
  5 giant geckos
  26 orcs
  3 ball pythons
  8 bats
  5 giant cockroaches
  7 goblins
  8 hobgoblins
  3 jackals (D:2)
  15 kobolds
  4 quokkas
  3 giant newts
  A jackal skeleton (D:6)
  A quokka skeleton (D:8)
  10 rats
  A spectral orc (D:2)
184 creatures vanquished.

Vanquished Creatures (others)
  A bush (D:9)
  7 plants (D:9)
8 creatures vanquished.

Grand Total: 192 creatures vanquished

Notes
Turn   | Place    | Note
--------------------------------------------------------------
     0 | D:1      | HungrySpirit the Formicid Ice Elementalist began the quest for the Orb.
     0 | D:1      | Reached XP level 1. HP: 13/13 MP: 3/3
    46 | D:1      | Reached skill level 1 in Fighting
    59 | D:1      | Reached XP level 2. HP: 9/21 MP: 1/5
   523 | D:1      | Reached skill level 1 in Short Blades
   731 | D:1      | Reached XP level 3. HP: 23/26 MP: 6/6
   734 | D:1      | Reached skill level 1 in Polearms
  1386 | D:2      | Noticed Jessica
  1396 | D:2      | Killed Jessica
  1396 | D:2      | Reached skill level 2 in Polearms
  1396 | D:2      | Reached XP level 4. HP: 21/32 MP: 5/7
  1829 | D:2      | Reached skill level 3 in Polearms
  1882 | D:2      | Found a shattered altar of Ashenzari.
  2172 | D:2      | Reached XP level 5. HP: 30/37 MP: 8/8
  2297 | D:2      | Found a basalt altar of Yredelemnul.
  3025 | D:3      | Reached skill level 4 in Polearms
  3910 | D:3      | Reached XP level 6. HP: 43/43 MP: 9/9
  4237 | D:4      | Reached skill level 5 in Polearms
  4489 | D:4      | Noticed Grinder
  4516 | D:4      | Killed Grinder
  4516 | D:4      | Reached XP level 7. HP: 26/48 MP: 10/10
  4699 | D:4      | Reached skill level 6 in Polearms
  4780 | D:4      | Noticed Blork the orc
  4789 | D:4      | Killed Blork the orc
  4940 | D:4      | Noticed Duvessa
  5011 | D:4      | Killed Duvessa
  5022 | D:4      | Noticed Dowan
  5039 | D:4      | Killed Dowan
  5341 | D:4      | Found Qounkor's Assorted Antiques.
  5355 | D:4      | Reached XP level 8. HP: 41/54 MP: 11/11
  5368 | D:4      | Bought a scroll labeled PAALUY XIOLL for 32 gold pieces
  5368 | D:4      | Bought a scroll labeled RIKUICL JUENGE for 32 gold pieces
  5600 | D:5      | Entered Level 5 of the Dungeon
  5650 | D:5      | You fall through a shaft!
  5650 | D:6      | Found a shimmering altar of Xom.
  5850 | D:5      | Found an opulent altar of Gozag.
  5886 | D:5      | Noticed Edmund
  5911 | D:5      | Killed Edmund
  5911 | D:5      | Reached skill level 7 in Polearms
  6442 | D:5      | Found a staircase to the Ecumenical Temple.
  6457 | Temple   | Entered the Ecumenical Temple
  6810 | D:5      | Found an iron altar of Okawaru.
  6832 | D:5      | Became a worshipper of Warmaster Okawaru
  6956 | D:4      | Reached skill level 8 in Polearms
  8294 | D:6      | Reached skill level 1 in Staves
  8308 | D:6      | Reached XP level 9. HP: 40/61 MP: 12/12
  8763 | D:6      | Noticed puimuR's ghost (amateur TrWr)
  9561 | D:6      | Killed puimuR's ghost
  9561 | D:6      | Reached skill level 1 in Evocations
  9574 | D:6      | Found a white marble altar of Elyvilon.
  9983 | D:7      | Reached * piety under Okawaru
 10277 | D:7      | Reached skill level 5 in Staves
 11173 | D:7      | Reached ** piety under Okawaru
 11173 | D:7      | Reached XP level 10. HP: 42/73 MP: 13/13
 11427 | D:7      | Found a burning altar of Makhleb.
 11485 | D:7      | Reached skill level 5 in Fighting
 11639 | D:7      | Reached skill level 5 in Short Blades
 12025 | D:8      | Found a glowing golden altar of the Shining One.
 13171 | D:9      | Noticed lightmor's ghost (novice DEFE)
 13197 | D:9      | You fall through a shaft for 2 floors!
 13230 | D:11     | You fall through a shaft for 2 floors!
 13230 | D:13     | Noticed a gargoyle
 13234 | D:13     | You fall through a shaft for 2 floors!
 13234 | D:15     | Entered Level 15 of the Dungeon
 13234 | D:15     | Noticed a hill giant
 13239 | D:15     | HP: 3/74 [troll (14)]
 13247 | D:15     | Mangled by a troll

Skill      XL: |  1  2  3  4  5  6  7  8  9 10 |
---------------+-------------------------------+-----
Fighting       | 1 2 4 5 |  5.5
Short Blades   | 1 2 3 4 5 |  5.6
Polearms       | 2 3 4 5 6 8 |  8.4
Staves         | 1 6 7 |  7.2
Evocations     | 3 4 |  4.6
Dodging        | |  1.7
Stealth        | |  2.4
Spellcasting   | |  2.1
Conjurations   | |  0.8
Ice Magic      | |  3.1

Action                   |  1- 3 |  4- 6 |  7- 9 | 10-12 || total
-------------------------+-------+-------+-------+-------++-------
Melee: Dagger            |    59 |    62 |   459 |   224 ||   804
       Spear             |    98 |   223 |       |       ||   321
       Staff             |       |       |   118 |       ||   118
Throw: Javelin           |       |     9 |    12 |       ||    21
 Cast: Freeze            |     6 |       |     1 |       ||     7
 Abil: Dig               |       |     1 |     5 |     6 ||    12
       Shaft Self        |       |       |     1 |     3 ||     4
Evoke: Wand              |       |       |     7 |       ||     7
  Use: Potion            |       |     4 |     4 |     4 ||    12
       Scroll            |       |       |    21 |       ||    21
 Stab: Sleeping          |     1 |     2 |       |     1 ||     4
       Distracted        |       |       |     1 |       ||     1
       Invisible         |       |       |       |     3 ||     3
  Eat: Chunk             |     2 |     8 |    17 |     6 ||    33
       Pizza             |       |     1 |     1 |       ||     2
       Fruit             |       |       |     4 |       ||     4
       Beef jerky        |       |       |       |     2 ||     2
Armor: Robe              |     4 |       |       |       ||     4
       Ring mail         |    62 |    96 |   174 |    65 ||   397
       Scale mail        |     3 |       |       |       ||     3
Dodge: Dodged            |    83 |   127 |   244 |    88 ||   542
